Map: Acropolis LE

Players

Gerald - Winner!

  • Race: Protoss Protoss
  • Spawn Location: 11:00

SKillous

  • Race: Protoss Protoss
  • Spawn Location: 5:00

Event: 2019 WCS Summer

VOD

Have the link to the VOD?

Description

Time

  • Played on: July 12, 2019, 11:10 a.m.
  • Length: 12:30

All games in this series

Show
View Real Time Build Order
Export as new Build Order

Gerald Protoss - Winner!

Build Orders: Oracle Opening 

Get SALT Encoding   

  12  0:00  Probe  
  13  0:12  Probe  
  14  0:17  Pylon  
  14  0:23  Probe  
  15  0:31  Probe  
  16  0:38  Gateway  
  16  0:39  Probe  
  16  0:46  Assimilator  
  17  0:51  Probe  
  17  0:54  Assimilator  
  18  0:59  Probe  
  19  1:07  Probe, Gateway  
  19  1:17  Probe  
  21  1:27  Cybernetics Core  
  21  1:29  Probe  
  22  1:33  Pylon  
  22  1:41  Probe  
  23  1:53  Probe  
  24  1:54  Pylon  
  24  2:03  Adept x2  
  24  2:04  Warp Gate  
  24  2:06  Probe  
  29  2:26  Stargate  
  29  2:33  Stalker  
  29  2:36  Stalker  
  33  2:57  Nexus  
  33  3:01  Oracle  
  34  3:21  Robotics Facility  
  34  3:22  Probe  
  34  3:32  Shield Battery  
  34  3:34  Probe  
  35  3:41  Pylon  
  35  3:52  Stalker x2  
  39  4:07  Probe  
  39  4:09  Probe  
  41  4:21  Stalker  
  41  4:22  Stalker  
  43  4:25  Probe  
  43  4:28  Probe  
  45  4:33  Probe  
  45  4:36  Probe  
  44  4:41  Probe  
  44  4:44  Probe  
  45  4:52  Probe  
  47  4:55  Probe  
  46  5:01  Adept x2  
  46  5:04  Probe  
  51  5:07  Probe  
  51  5:10  Pylon  
  51  5:13  Phoenix  
  52  5:18  Warp Prism  
  54  5:27  Probe  
  51  5:28  Probe  
  51  5:34  Shield Battery  
  51  5:35  Probe  
  51  5:38  Sentry x2  
  51  5:40  Probe  
  57  5:45  Probe  
  58  5:52  Probe  
  59  5:57  Probe  
  59  6:02  Immortal  
  60  6:04  Probe  
  60  6:09  Probe  
  60  6:10  Forge  
  62  6:15  Assimilator  
  62  6:16  Probe  
  63  6:18  Assimilator  
  63  6:21  Probe  
  64  6:25  Pylon  
  64  6:28  Stalker x2  
  64  6:29  Probe  
  69  6:33  Probe  
  70  6:47  Shield Battery  
  70  6:54  Stalker x2  
  70  6:56  Probe  
  70  6:58  Probe  
  76  7:08  Probe  
  77  7:09  Shield Battery  
  77  7:12  Shield Battery  
  77  7:16  Immortal  
  77  7:24  Stalker  
  77  7:34  Stalker  
  75  7:40  Probe  
  75  7:41  Protoss Ground Weapons Level 1  
  75  7:42  Probe  
  76  7:52  Probe, Gateway x2  
  76  7:53  Gateway  
  76  7:55  Adept  
  76  7:56  Gateway  
  72  8:05  Probe  
  72  8:09  Stalker  
  72  8:10  Probe  
  74  8:14  Probe  
  74  8:15  Immortal  
  74  8:22  Probe x2  
  76  8:34  Probe x2  
  78  8:48  Twilight Council  
  78  8:50  Nexus  
  78  8:51  Pylon  
  78  8:52  Pylon  
  78  8:54  Pylon  
  78  9:02  Shield Battery  
  76  9:11  Probe x2  
  73  9:23  Probe x2  
  75  9:24  Templar Archives  
  75  9:25  Protoss Ground Weapons Level 2  
  75  9:38  Immortal  
  75  9:43  Zealot x4  
  75  9:45  Charge  
  87  10:06  High Templar  
  87  10:07  Zealot x2, High Templar x3, Warp Prism  
  89  10:19  Archon  
  91  10:40  High Templar  
  91  10:41  Zealot x4, High Templar  
  103  10:45  Archon x2  
  103  11:01  Observer  
  103  11:04  Pylon  
  104  11:07  Zealot x2, High Templar x2  
  104  11:09  Shield Battery  
  104  11:10  Shield Battery  
  112  11:11  Archon  
  112  11:12  Pylon  
  112  11:20  Zealot x2  
  112  11:24  Photon Cannon  
  112  11:25  Pylon  
  116  11:36  Zealot x2  
  120  11:47  Zealot  
  120  11:48  Zealot x3  
  122  12:01  Zealot x2  
  122  12:08  Stalker x4  
  128  12:27  Stalker x2  
Show
View Real Time Build Order
Export as new Build Order

SKillous Protoss 

Build Orders: Oracle Opening 

Get SALT Encoding   

  12  0:00  Probe  
  13  0:12  Probe  
  14  0:17  Pylon  
  14  0:24  Probe  
  15  0:32  Probe  
  15  0:37  Gateway  
  15  0:40  Probe  
  16  0:46  Assimilator  
  17  0:51  Probe  
  17  0:54  Assimilator  
  18  0:59  Probe  
  19  1:07  Probe, Gateway  
  19  1:17  Probe  
  21  1:26  Cybernetics Core  
  21  1:29  Probe  
  22  1:36  Pylon  
  22  1:41  Probe  
  23  1:54  Probe  
  23  1:55  Warp Gate  
  24  2:03  Stalker x2  
  28  2:10  Pylon  
  28  2:33  Stalker x2  
  32  2:44  Stargate  
  31  2:59  Nexus  
  31  3:02  Probe  
  32  3:14  Probe  
  32  3:15  Shield Battery  
  32  3:17  Oracle  
  33  3:27  Shield Battery  
  33  3:29  Shield Battery  
  33  3:32  Probe  
  37  3:40  Pylon  
  37  3:47  Shield Battery  
  37  3:53  Probe  
  38  3:58  Oracle  
  38  4:02  Stalker  
  43  4:06  Probe  
  44  4:10  Twilight Council  
  44  4:20  Stalker  
  44  4:22  Probe  
  44  4:23  Probe  
  44  4:31  Probe  
  44  4:33  Phoenix  
  44  4:34  Probe  
  46  4:41  Probe  
  49  4:45  Resonating Glaives  
  49  4:46  Probe  
  49  4:53  Probe  
  49  4:58  Probe  
  48  5:05  Probe  
  49  5:09  Probe  
  49  5:13  Probe  
  50  5:15  Gateway  
  50  5:17  Probe  
  52  5:22  Probe  
  50  5:29  Probe  
  51  5:36  Probe  
  51  5:37  Gateway  
  51  5:40  Gateway  
  51  5:41  Probe  
  53  5:47  Gateway  
  52  5:50  Adept x2  
  52  5:51  Probe  
  52  5:56  Probe  
  54  6:03  Probe  
  54  6:04  Pylon  
  54  6:08  Probe  
  55  6:15  Probe  
  56  6:21  Probe  
  56  6:22  Adept  
  56  6:23  Adept x2  
  63  6:28  Probe  
  64  6:33  Probe  
  64  6:34  Pylon  
  63  6:45  Probe, Adept  
  63  6:46  Adept  
  69  6:49  Pylon  
  69  6:50  Pylon  
  67  6:59  Adept x2  
  67  7:00  Adept  
  70  7:05  Gateway  
  70  7:08  Adept x2  
  70  7:12  Adept  
  71  7:25  Adept x3  
  69  7:35  Adept x3  
  67  7:37  Probe x2  
  63  7:45  Assimilator  
  63  7:48  Assimilator, Sentry  
  63  7:49  Sentry x2, Probe x2  
  67  7:57  Probe  
  65  8:01  Probe  
  67  8:05  Probe  
  67  8:12  Adept x5  
  68  8:29  Adept x2  
  68  8:32  Pylon  
  68  8:40  Robotics Facility  
  68  8:42  Pylon  
  68  8:46  Adept x4  
  76  8:50  Adept x2  
  76  8:53  Gateway  
  80  9:05  Templar Archives  
  76  9:18  Pylon, Warp Prism  
  76  9:20  Stalker x4  
  85  9:45  Templar Archives  
  85  9:55  Pylon  
  85  9:57  Nexus  
  85  9:59  Probe x2  
  87  10:00  Pylon  
  89  10:11  Observer, Probe x2  
  90  10:23  Probe x2  
  92  10:33  Charge  
  90  10:39  High Templar x3  
  90  10:40  High Templar x2  
  90  10:41  Adept  
  90  10:42  Adept  
  102  10:44  Probe x2  
  102  10:45  Archon x2  
  102  10:49  Gateway  
  104  10:51  Pylon  
  104  10:57  Probe  
  105  11:00  High Templar, Pylon  
  107  11:07  High Templar  
  107  11:10  Probe  
  110  11:12  Probe  
  110  11:13  Assimilator, Archon  
  110  11:15  Assimilator  
  111  11:20  High Templar  
  111  11:24  Archon  
  111  11:25  Gateway  
  113  11:30  Gateway  
  113  11:31  Pylon  
  113  11:42  Adept x6  
  113  11:45  Pylon  
  113  11:46  Pylon  
  125  11:47  Pylon  
  125  11:49  Immortal  
  115  12:00  Zealot x2  
  93  12:07  Zealot x2, High Templar x2  
  93  12:08  Zealot x2  
  97  12:18  Archon  
  97  12:20  Zealot  
  85  12:25  Zealot x2  
Tags
 
Add a new tag
Caveats
  • Supply blocks, unpowered buildings, or Contaminate may cause inaccurate times.
  • Supply counts are checked every 10 seconds.